[ AOE2 MATCH · #507093584 ]
UnrankedSlavs vs Malians
Player's team · WIN
Rival team · LOSS
[ REPLAY ANALYSIS · EXTRACTED FROM THE RECORDED GAME ]
Feudal
11:00
Castle
—
Imperial
—
| APM avg | 88.7 |
| APM peak | 124 |
| eAPM avg | 34.5 |
| Villagers / military | 28 / 7 |
Focus
⚔️ 45.6% · 🌾 54.4%
Militia ×5 · Spearman ×2
Feudal
9:16
Castle
—
Imperial
—
| APM avg | 68.3 |
| APM peak | 95 |
| eAPM avg | 25.5 |
| Villagers / military | 32 / 4 |
Focus
⚔️ 37.8% · 🌾 62.2%
Scout Cavalry ×4
Match map
Initial resources + every placement click. Lines = walls · curves = elevation contours. ◆ gold · ⬟ stone · ● berries · ✦ relic · ◌ wall gap
Your base· Open — unwalled flank
Nobody's base· Open — unwalled flank
Smoothed initial terrain · ◌ = detected wall gap · hover for details
Inputs per minute
— Oni.TaToH - - Nobody
Build order — Oni.TaToH
62 actions detected in the replay
| 0:01 | Queue | Villager (Male) ×4 |
| 0:02 | Build | House |
| 0:03 | Build | House |
| 1:31 | Queue | Villager (Male) |
| 1:59 | Queue | Villager (Male) |
| 2:28 | Queue | Villager (Male) |
| 2:29 | Queue | Villager (Male) |
| 3:08 | Build | Lumber Camp |
| 3:22 | Queue | Villager (Male) |
| 3:32 | Build | House |
| 3:47 | Queue | Villager (Male) |
| 4:06 | Queue | Villager (Male) |
| 4:26 | Queue | Villager (Male) |
| 4:31 | Build | Barracks |
| 4:50 | Queue | Villager (Male) |
| 5:13 | Queue | Villager (Male) |
| 5:16 | Build | House |
| 5:28 | Queue | Militia |
| 5:28 | Queue | Militia |
| 5:37 | Queue | Villager (Male) |
| 5:41 | Build | Palisade Wall |
| 5:42 | Build | Palisade Wall |
| 5:52 | Queue | Militia |
| 6:15 | Queue | Villager (Male) |
| 6:17 | Build | Mill |
| 6:23 | Queue | Villager (Male) |
| 6:32 | Build | House |
| 6:47 | Queue | Villager (Male) |
| 6:50 | Build | Palisade Wall |
| 7:10 | Queue | Villager (Male) |
| 7:13 | Build | House |
| 7:37 | Build | Palisade Wall |
| 7:42 | Build | Palisade Wall |
| 7:45 | Research | Loom |
| 8:14 | Queue | Villager (Male) |
| 8:25 | Queue | Villager (Male) |
| 8:46 | Build | Mining Camp |
| 8:50 | Research | Feudal Age |
| 9:01 | Build | House |
| 9:05 | Build | Palisade Wall |
| 9:24 | Build | Farm |
| 9:24 | Build | Farm |
| 9:46 | Queue | Militia |
| 10:10 | Queue | Militia |
| 10:41 | Queue | Villager (Male) |
| 10:52 | Build | Farm |
| 10:52 | Build | Farm |
| 11:00 | Age | Feudal Age |
| 11:01 | Research | Man-at-Arms (upgrade) |
| 11:01 | Research | Double-Bit Axe |
| 11:08 | Build | Farm |
| 11:13 | Queue | Villager (Male) |
| 11:28 | Queue | Villager (Male) |
| 11:31 | Build | Farm |
| 11:39 | Build | Farm |
| 11:55 | Queue | Spearman |
| 11:59 | Queue | Villager (Male) |
| 12:03 | Build | Watch Tower |
| 12:11 | Queue | Spearman |
| 12:18 | Queue | Villager (Male) |
| 12:27 | Queue | Villager (Male) |
| 13:07 | Queue | Villager (Male) |
Build order — Nobody
72 actions detected in the replay
| 0:01 | Queue | Villager (Male) |
| 0:02 | Build | House |
| 0:03 | Build | House |
| 0:06 | Queue | Villager (Male) |
| 0:08 | Queue | Villager (Male) |
| 0:08 | Queue | Villager (Male) |
| 1:24 | Queue | Villager (Male) |
| 1:57 | Queue | Villager (Male) |
| 1:59 | Build | Lumber Camp |
| 2:14 | Queue | Villager (Male) |
| 2:36 | Build | House |
| 2:45 | Queue | Villager (Male) |
| 2:45 | Queue | Villager (Male) |
| 3:00 | Queue | Villager (Male) |
| 3:40 | Queue | Villager (Male) |
| 3:58 | Queue | Villager (Male) |
| 3:58 | Queue | Villager (Male) |
| 4:21 | Build | Mill |
| 4:30 | Queue | Villager (Male) |
| 4:44 | Queue | Villager (Male) |
| 5:14 | Build | House |
| 5:24 | Queue | Villager (Male) |
| 5:47 | Research | Loom |
| 6:16 | Queue | Villager (Male) |
| 6:37 | Queue | Villager (Male) |
| 6:59 | Research | Feudal Age |
| 6:59 | Research | Feudal Age |
| 6:59 | Research | Feudal Age |
| 7:08 | Build | Lumber Camp |
| 7:30 | Build | Barracks |
| 7:57 | Build | Palisade Wall |
| 8:32 | Queue | Villager (Male) |
| 8:44 | Queue | Villager (Male) |
| 9:16 | Age | Feudal Age |
| 9:18 | Build | Stable |
| 9:19 | Research | Double-Bit Axe |
| 9:19 | Research | Double-Bit Axe |
| 9:19 | Research | Double-Bit Axe |
| 9:19 | Research | Double-Bit Axe |
| 9:34 | Queue | Villager (Male) |
| 9:37 | Build | House |
| 9:54 | Build | Farm |
| 9:59 | Queue | Scout Cavalry |
| 9:59 | Queue | Scout Cavalry |
| 10:01 | Queue | Villager (Male) |
| 10:07 | Build | Farm |
| 10:42 | Build | Mining Camp |
| 10:45 | Queue | Villager (Male) |
| 10:48 | Queue | Scout Cavalry |
| 10:56 | Queue | Scout Cavalry |
| 10:58 | Build | House |
| 10:59 | Build | House |
| 11:02 | Build | Palisade Wall |
| 11:03 | Build | Palisade Wall |
| 11:23 | Build | Watch Tower |
| 11:24 | Queue | Villager (Male) |
| 11:26 | Queue | Villager (Male) |
| 11:29 | Build | House |
| 11:31 | Build | House |
| 11:35 | Build | Palisade Wall |
| 11:38 | Build | Palisade Wall |
| 11:50 | Queue | Villager (Male) |
| 11:52 | Build | Palisade Wall |
| 11:53 | Build | Palisade Wall |
| 11:57 | Queue | Villager (Male) |
| 12:03 | Build | Palisade Wall |
| 12:12 | Queue | Villager (Male) |
| 12:23 | Queue | Villager (Male) |
| 12:44 | Queue | Villager (Male) |
| 12:57 | Queue | Villager (Male) |
| 13:04 | Build | Palisade Wall |
| 13:09 | Queue | Villager (Male) |
Match timeline
| 4:31 | Oni.TaToH · first_building Barracks |
| 5:41 | Oni.TaToH · wall_segment Palisade Wall x1 |
| 5:42 | Oni.TaToH · wall_segment Palisade Wall x1 |
| 6:50 | Oni.TaToH · wall_segment Palisade Wall x4 |
| 7:30 | Nobody · first_building Barracks |
| 7:37 | Oni.TaToH · wall_segment Palisade Wall x3 |
| 7:42 | Oni.TaToH · wall_segment Palisade Wall x8 |
| 7:57 | Nobody · wall_segment Palisade Wall x4 |
| 9:05 | Oni.TaToH · wall_segment Palisade Wall x9 |
| 9:16 | Nobody · age_up feudal |
| 9:18 | Nobody · first_building Stable |
| 11:00 | Oni.TaToH · age_up feudal |
| 11:02 | Nobody · wall_segment Palisade Wall x1 |
| 11:03 | Nobody · wall_segment Palisade Wall x1 |
| 11:35 | Nobody · wall_segment Palisade Wall x1 |
| 11:38 | Nobody · wall_segment Palisade Wall x1 |
| 11:52 | Nobody · wall_segment Palisade Wall x1 |
| 11:53 | Nobody · wall_segment Palisade Wall x1 |
| 12:03 | Nobody · wall_segment Palisade Wall x1 |
| 13:04 | Nobody · wall_segment Palisade Wall x1 |
| 13:28 | Nobody · resign |
[ AI ANALYSIS · 1 CREDIT ]
What really happened in this match?
Wolo.gg analyzes every decision: build order, eco, micro, common mistakes by bracket. Personalized analysis on WhatsApp or Discord in 30 seconds.
Civ guide
Slavs
Perfil
TaToH